 Dungeon Crawl Stone Soup version 0.20.1-1-g8b1a95d (webtiles) character file.

1521 raph the Grappler (level 8, 0/80 HPs)
             Began as a Troll Monk on Aug 24, 2017.
             Was a Believer of Okawaru.
             Slain by an unseen horror (1 damage)
             ... on level 6 of the Dungeon.
             The game lasted 00:11:16 (4260 turns).

raph the Grappler (Troll Monk)                      Turns: 4260, Time: 00:11:17

Health: 0/80       AC:  6    Str: 20    XL:     8   Next: 54%
Magic:  7/7        EV: 12    Int:  6    God:    Okawaru [**....]
Gold:   245        SH:  2    Dex: 14    Spells: 7/7 levels left

rFire    . . .     SeeInvis .     - Unarmed
rCold    + . .     Gourm    +   (no shield)
rNeg     . . .     Faith    .   G - +0 robe
rPois    .         Spirit   .   (helmet restricted)
rElec    .         Reflect  +   o - +0 cloak
rCorr    .         Harm     .   (gloves unavailable)
MR       .....                  (boots unavailable)
Stlth    ++........             c - +2 amulet of reflection
Regen    0.7/turn               g - ring of protection from cold
MPRegen  0.1/turn               (no ring)

@: drained
A: unfitting armour, claws 3, fast metabolism 3, gourmand, regeneration 1,
shaggy fur 1, tough skin 2
a: Heroism, Renounce Religion


You were on level 6 of the Dungeon.
You worshipped Okawaru.
Okawaru was pleased with you.
You were very full.

You visited 2 branches of the dungeon, and saw 7 of its levels.

You collected 245 gold pieces.

Inventory:

Hand Weapons
 A - a +1 giant spiked club
 C - a +1 mace of crushing
Missiles
 a - a throwing net
 B - 4 tomahawks (quivered)
Armour
 o - a +0 cloak (worn)
 G - a +0 robe (worn)
Magical Staves
 E - an uncursed staff of wizardry
Jewellery
 c - a +2 amulet of reflection (around neck)
 g - a ring of protection from cold (left claw)
Wands
 y - a wand of confusion (48/48)
 H - a wand of digging (11/24)
Scrolls
 d - 2 scrolls of remove curse
 e - 2 scrolls of teleportation
 u - a scroll of magic mapping
Potions
 f - a potion of magic
 h - a potion of agility
 l - a potion of degeneration
 n - 3 potions of curing
 q - 3 potions of heal wounds
 r - 3 potions of flight
 s - a potion of berserk rage
 z - a potion of mutation
 F - a potion of might
Books
 x - a book of Maledictions

   Spells                             Type                      Level
   a - Corona                         Hexes                        1
   b - Ensorcelled Hibernation        Hexes/Ice                    2
   c - Confuse                        Hexes                        3
   d - Tukima's Dance                 Hexes                        3
   e - Dazzling Spray                 Conjuration/Hexes            3
Comestibles
 b - 6 bread rations
 i - 6 chunks of flesh
 j - a royal jelly
 p - 3 fruits


   Skills:
 + Level 5.0(4.5) Fighting
 + Level 5.0(4.5) Dodging
 - Level 1.0(0.6) Stealth
 * Level 8.3(7.8) Unarmed Combat


You had 7 spell levels left.
You didn't know any spells.

Dungeon Overview and Level Annotations

Branches:
Dungeon (6/15)             Temple (1/1) D:5

Altars:
Ashenzari
Cheibriados
Dithmenos
Elyvilon
Fedhas
Gozag
Hepliaklqana
Kikubaaqudgha
Makhleb
Okawaru
Qazlal
Sif Muna
Trog
Uskayaw
Vehumet
Xom
Yredelemnul


Innate Abilities, Weirdness & Mutations

You are too large for most types of armour.
You have claws for hands.
Your metabolism is lightning-fast.
You like to eat raw meat.
Your natural rate of healing is unusually fast.
You are covered in fur. (AC +1)
You have very tough skin. (AC +2)


Message History

Something hits you!
Things that are here:
a rapier; a leather armour; the human skeleton of Eustachio Something barely misses you.
Something completely misses you.
You see here an adder corpse.
Something hits you but does no damage. Something hits you. Something hits you.
* * * LOW HITPOINT WARNING * * *
Something hits you.
* * * LOW HITPOINT WARNING * * *
Something barely misses you.
There is a stone staircase leading down here.
Something hits you!
* * * LOW HITPOINT WARNING * * *
Something hits you!
* * * LOW HITPOINT WARNING * * *
Something hits you.
You die...

#................'....#
#......#.#########....'
#......#.........#....#
#......#.........######
#......#...........#
#...)..#...........#
##'#####...........#
#.#####.######....#
#.<..@{>.....†....#
##############))..####
...............
.........))....
...........)...
...............
...............
...............
...............


There were no monsters in sight!

Vanquished Creatures
  Grinder (D:4)
  Sigmund (D:3)
  Eustachio (D:6)
  Edmund (D:5)
  An ogre (D:4)
  Blork the orc (D:5)
  A wyvern zombie (D:6)
  A scorpion (D:6)
  A crimson imp (D:5)
  3 orc priests
  Crazy Yiuf (D:4)
  A gnoll shaman (D:4)
  Jessica (D:3)
  Ijyb (D:3)
  Natasha (thrice) (D:3)
  2 orc wizards (D:3)
  A worker ant (D:5)
  A hound zombie (D:3)
  7 gnolls
  8 adders
  An adder skeleton (D:4)
  A worm (D:4)
  2 leopard geckos
  19 orcs
  A ball python (D:3)
  6 bats
  6 giant cockroaches
  4 goblins
  6 hobgoblins
  11 jackals
  2 kobolds (D:1)
  A quokka (D:5)
  5 frilled lizards
  8 rats
111 creatures vanquished.

Notes
Turn   | Place    | Note
-------+----------+-------------------------------------------
     0 | D:1      | raph the Troll Monk began the quest for the Orb.
     0 | D:1      | Reached XP level 1. HP: 22/22 MP: 0/0
   183 | D:1      | Reached XP level 2. HP: 29/29 MP: 1/1
   645 | D:2      | Reached XP level 3. HP: 36/36 MP: 2/2
  1365 | D:3      | Reached XP level 4. HP: 44/44 MP: 3/3
  1404 | D:3      | Reached skill level 4 in Unarmed Combat
  1482 | D:3      | Found a faded altar of an unknown god.
  1529 | D:3      | Reached XP level 5. HP: 32/53 MP: 4/4
  1646 | D:3      | Found a shimmering altar of Xom.
  1688 | D:3      | Noticed Sigmund
  1698 | D:3      | Killed Sigmund
  1698 | D:3      | Reached skill level 5 in Unarmed Combat
  1698 | D:3      | Reached XP level 6. HP: 40/61 MP: 5/5
  1738 | D:3      | Noticed Jessica
  1743 | D:3      | Killed Jessica
  1751 | D:3      | Noticed Ijyb
  1758 | D:3      | Killed Ijyb
  1884 | D:3      | You fall through a shaft for 3 floors!
  2031 | D:5      | Entered Level 5 of the Dungeon
  2178 | D:3      | Noticed Natasha
  2187 | D:3      | Killed Natasha
  2193 | D:3      | Reached skill level 6 in Unarmed Combat
  2193 | D:3      | Reached XP level 7. HP: 63/68 MP: 6/6
  2223 | D:3      | Noticed Natasha
  2227 | D:3      | Killed Natasha
  2251 | D:3      | Noticed Natasha
  2255 | D:3      | Killed Natasha
  2476 | D:4      | Found an opulent altar of Gozag.
  2740 | D:4      | Found a runed door.
  2744 | D:4      | Noticed Crazy Yiuf
  2751 | D:4      | Killed Crazy Yiuf
  2751 | D:4      | Reached skill level 7 in Unarmed Combat
  2872 | D:4      | Noticed Grinder
  2882 | D:4      | Killed Grinder
  2882 | D:4      | Reached XP level 8. HP: 55/79 MP: 7/7
  3047 | D:5      | Found a staircase to the Ecumenical Temple.
  3084 | Temple   | Entered the Ecumenical Temple
  3179 | Temple   | Became a worshipper of Warmaster Okawaru
  3179 | Temple   | Reached * piety under Okawaru
  3179 | Temple   | Reached ** piety under Okawaru
  3336 | D:5      | Noticed Blork the orc
  3337 | D:5      | Noticed Edmund
  3344 | D:5      | Killed Blork the orc
  3355 | D:5      | Killed Edmund
  4127 | D:6      | Found a radiant altar of Vehumet.
  4180 | D:6      | Reached skill level 8 in Unarmed Combat
  4185 | D:6      | Noticed Eustachio
  4220 | D:6      | Killed Eustachio
  4220 | D:6      | Reached skill level 5 in Fighting
  4220 | D:6      | Reached skill level 5 in Dodging
  4260 | D:6      | HP: 1/80 [something (10)]
  4260 | D:6      | Slain by an unseen horror

Skill      XL: |  1  2  3  4  5  6  7  8 |
---------------+-------------------------+-----
Fighting       | 3 4 5 |  5.0
Dodging        | 3 4 5 |  5.0
Unarmed Combat | 4 5 6 7 8 |  8.3
Stealth        | |  1.0

Action                   |  1- 3 |  4- 6 |  7- 9 || total
-------------------------+-------+-------+-------++-------
Melee: Unarmed           |    97 |    81 |   148 ||   326
       Punch             |     1 |     1 |    10 ||    12
Invok: Heroism           |       |       |     2 ||     2
  Use: Scroll            |       |       |    16 ||    16
 Stab: Sleeping          |     1 |     3 |     2 ||     6
  Eat: Chunk             |    16 |     9 |    19 ||    44
Armor: Robe              |    40 |    12 |    63 ||   115
Dodge: Dodged            |    44 |    43 |   139 ||   226
Block: Other             |     7 |     7 |    17 ||    31
